3072 views
Uploaded 2020-02-02 23:16:57
Game version 1.32 / 1.32.1
21:46 long 4on4 ladder game on (8)GolemsInTheMist_LV
Saved by BEARAND
3072 views
Uploaded 2020-02-02 23:16:57
Game version 1.32 / 1.32.1
21:46 long 4on4 ladder game on (8)GolemsInTheMist_LV


91 units @ 12.1k
/ 2.1k
224 buildings @ 18.3k
/ 10.8k
ChuckleMan
(103)
(21:45) : 
| Lesser Clarity Potion | 11 | 770 |
| Healing Salve | 6 | 600 |
| Orb of Lightning | 1 | 375 |
| Potion of Healing | 1 | 150 |
| Potion of Mana | 1 | 200 |
| Staff of Teleportation | 1 | 150 |
| Boots of Speed | 1 | 250 |
| total: | 22 | 2495g |
| Peon | 14 | 1050 | / | 0 |
| Troll Batrider | 11 | 1760 | / | 440 |
| Goblin Shredder | 1 | 375 | / | 100 |
| Goblin Sapper | 3 | 645 | / | 300 |
| Goblin Zeppelin | 1 | 240 | / | 60 |
| total: | 30 | 4070g | / | 900w |
| Watch Tower | 17 | 1870 | / | 1360 |
| Altar of Storms | 1 | 180 | / | 50 |
| Orc Burrow | 4 | 640 | / | 160 |
| Voodoo Lounge | 3 | 390 | / | 90 |
| War Mill | 1 | 205 | / | 0 |
| Great Hall | 1 | 385 | / | 185 |
| Beastiary | 2 | 290 | / | 280 |
| Stronghold | 1 | 315 | / | 190 |
| Fortress | 1 | 325 | / | 190 |
| total: | 29 | 3960g | / | 2125w |
| 0:02 | Peon |
| 0:02 | Peon |
| 0:06 | Altar of Storms |
| 0:09 | Orc Burrow |
| 0:22 | Peon |
| 0:42 | Peon |
| 0:48 | Voodoo Lounge |
| 0:57 | Peon |
| 1:10 | Peon |
| 1:10 | Peon |
| 1:23 | Peon |
| 1:28 | War Mill |
| 1:43 | Peon |
| 1:53 | Peon |
| 1:57 | Orc Burrow |
| 2:06 | Wind Walk |
| 2:10 | Voodoo Lounge |
| 2:17 | Peon |
| 2:23 | Lesser Clarity Potion |
| 2:23 | Lesser Clarity Potion |
| 2:24 | Healing Salve |
| 2:50 | Watch Tower |
| 2:51 | Peon |
| 3:20 | Watch Tower |
| 3:27 | Peon |
| 3:27 | Peon |
| 3:29 | Stronghold |
| 3:52 | Watch Tower |
| 4:14 | Watch Tower |
| 4:19 | Critical Strike |
| 4:28 | Lesser Clarity Potion |
| 4:29 | Lesser Clarity Potion |
| 4:29 | Healing Salve |
| 4:35 | Voodoo Lounge |
| 4:40 | Spiked Barricades |
| 4:56 | Watch Tower |
| 5:09 | Goblin Shredder |
| 5:33 | Watch Tower |
| 5:50 | Beastiary |
| 5:53 | Beastiary |
| 6:07 | Orc Burrow |
| 6:17 | Watch Tower |
| 7:18 | Lesser Clarity Potion |
| 7:18 | Lesser Clarity Potion |
| 7:20 | Wind Walk |
| 7:24 | Fortress |
| 7:26 | Troll Batrider |
| 7:27 | Reinforced Defenses |
| 7:30 | Goblin Sapper |
| 7:49 | Great Hall |
| 7:57 | Troll Batrider |
| 8:19 | Watch Tower |
| 8:20 | Watch Tower |
| 8:23 | Orc Burrow |
| 9:00 | Troll Batrider |
| 9:42 | Troll Batrider |
| 9:51 | Staff of Teleportation |
| 9:55 | Boots of Speed |
| 10:36 | Critical Strike |
| 11:06 | Lesser Clarity Potion |
| 11:08 | Healing Salve |
| 11:16 | Orb of Lightning |
| 11:20 | Troll Batrider |
| 11:52 | Troll Batrider |
| 12:22 | Troll Batrider |
| 13:14 | Troll Batrider |
| 14:02 | Goblin Sapper |
| 14:03 | Goblin Sapper |
| 14:39 | Wind Walk |
| 14:42 | Lesser Clarity Potion |
| 14:43 | Healing Salve |
| 14:52 | Troll Batrider |
| 14:53 | Troll Batrider |
| 16:08 | Troll Batrider |
| 17:29 | Lesser Clarity Potion |
| 17:31 | Healing Salve |
| 17:54 | Watch Tower |
| 17:54 | Watch Tower |
| 18:52 | Bladestorm |
| 19:03 | Potion of Healing |
| 19:05 | Potion of Mana |
| 19:07 | Lesser Clarity Potion |
| 19:41 | Healing Salve |
| 19:45 | Lesser Clarity Potion |
| 20:03 | Liquid Fire |
| 20:05 | Steel Ranged Weapons |
| 20:05 | Steel Armor |
| 20:10 | Watch Tower |
| 20:10 | Watch Tower |
| 20:11 | Watch Tower |
| 20:11 | Watch Tower |
| 20:12 | Watch Tower |
| 20:12 | Watch Tower |
| 21:20 | Goblin Zeppelin |
| Right click | 1004 |
| Select group | 252 |
| Build/train/purchase | 211 |
| Select | 169 |
| Assign group | 46 |
| Use ability | 36 |
| Resource trade | 18 |
| Misc. action | 14 |
| Item give/drop | 12 |
| Esc | 3 |
emg500
(9)
(21:45) : 

| Scroll of Town Portal | 1 | 350 |
| total: | 1 | 350g |
| Peasant | 11 | 825 | / | 0 |
| Gryphon Rider | 10 | 2800 | / | 700 |
| Goblin Shredder | 1 | 375 | / | 100 |
| total: | 22 | 4000g | / | 800w |
| Scout Tower | 45 | 1350 | / | 900 |
| Guard Tower | 29 | 2030 | / | 1450 |
| Altar of Kings | 1 | 180 | / | 50 |
| Lumber Mill | 2 | 240 | / | 0 |
| Farm | 9 | 720 | / | 180 |
| Town Hall | 1 | 385 | / | 205 |
| Blacksmith | 1 | 140 | / | 60 |
| Arcane Vault | 1 | 130 | / | 30 |
| Cannon Tower | 2 | 240 | / | 200 |
| Gryphon Aviary | 2 | 280 | / | 300 |
| Workshop | 2 | 280 | / | 280 |
| Keep | 1 | 320 | / | 210 |
| Castle | 1 | 360 | / | 210 |
| total: | 64 | 3705g | / | 2005w |
| 0:06 | Altar of Kings |
| 0:08 | Peasant |
| 0:08 | Peasant |
| 0:08 | Peasant |
| 0:08 | Peasant |
| 0:33 | Peasant |
| 0:33 | Peasant |
| 0:37 | Lumber Mill |
| 0:49 | Lumber Mill |
| 0:52 | Farm |
| 1:09 | Farm |
| 2:06 | Peasant |
| 2:06 | Peasant |
| 2:23 | Scout Tower |
| 2:36 | Scout Tower |
| 2:41 | Scout Tower |
| 2:43 | Scout Tower |
| 3:04 | Flame Strike |
| 3:13 | Scout Tower |
| 3:15 | Guard Tower |
| 3:27 | Keep |
| 3:41 | Scout Tower |
| 3:43 | Guard Tower |
| 4:10 | Scout Tower |
| 4:11 | Guard Tower |
| 4:50 | Guard Tower |
| 5:10 | Scout Tower |
| 5:33 | Farm |
| 5:36 | Farm |
| 5:40 | Scout Tower |
| 5:41 | Guard Tower |
| 6:17 | Farm |
| 6:19 | Farm |
| 6:22 | Scout Tower |
| 6:22 | Guard Tower |
| 7:02 | Improved Lumber Harvesting |
| 7:11 | Town Hall |
| 7:32 | Peasant |
| 7:32 | Peasant |
| 7:32 | Peasant |
| 7:34 | Improved Masonry |
| 7:40 | Banish |
| 8:00 | Scout Tower |
| 8:01 | Scout Tower |
| 8:24 | Blacksmith |
| 8:29 | Storm Bolt |
| 8:33 | Scout Tower |
| 8:35 | Scout Tower |
| 8:36 | Guard Tower |
| 9:02 | Scout Tower |
| 9:09 | Scout Tower |
| 9:11 | Guard Tower |
| 9:20 | Goblin Shredder |
| 9:38 | Scout Tower |
| 9:39 | Guard Tower |
| 9:51 | Scout Tower |
| 9:59 | Iron Plating |
| 10:04 | Gryphon Aviary |
| 10:14 | Guard Tower |
| 10:19 | Scout Tower |
| 10:19 | Guard Tower |
| 10:40 | Scroll of Town Portal |
| 10:53 | Scout Tower |
| 10:58 | Scout Tower |
| 11:13 | Guard Tower |
| 11:24 | Castle |
| 11:47 | Arcane Vault |
| 11:51 | Scout Tower |
| 11:52 | Guard Tower |
| 12:11 | Scout Tower |
| 12:14 | Scout Tower |
| 12:16 | Scout Tower |
| 12:18 | Scout Tower |
| 12:23 | Guard Tower |
| 12:32 | Advanced Masonry |
| 12:35 | Studded Leather Armor |
| 12:37 | Iron Forged Swords |
| 12:47 | Workshop |
| 12:51 | Workshop |
| 13:19 | Guard Tower |
| 13:23 | Scout Tower |
| 13:53 | Guard Tower |
| 13:55 | Scout Tower |
| 13:56 | Guard Tower |
| 13:58 | Scout Tower |
| 14:41 | Guard Tower |
| 14:52 | Scout Tower |
| 14:55 | Scout Tower |
| 15:14 | Storm Hammers |
| 15:16 | Steel Forged Swords |
| 15:17 | Reinforced Leather Armor |
| 15:20 | Gryphon Aviary |
| 15:35 | Scout Tower |
| 15:36 | Guard Tower |
| 15:43 | Scout Tower |
| 15:44 | Guard Tower |
| 16:04 | Scout Tower |
| 16:04 | Guard Tower |
| 16:32 | Guard Tower |
| 16:33 | Guard Tower |
| 16:34 | Scout Tower |
| 16:46 | Scout Tower |
| 17:03 | Gryphon Rider |
| 17:03 | Gryphon Rider |
| 17:03 | Gryphon Rider |
| 17:04 | Gryphon Rider |
| 17:04 | Gryphon Rider |
| 17:04 | Gryphon Rider |
| 17:11 | Farm |
| 17:24 | Guard Tower |
| 17:28 | Guard Tower |
| 17:30 | Scout Tower |
| 17:31 | Scout Tower |
| 17:50 | Thunder Clap |
| 18:12 | Scout Tower |
| 18:13 | Guard Tower |
| 18:28 | Scout Tower |
| 18:40 | Advanced Lumber Harvesting |
| 18:40 | Imbued Masonry |
| 18:56 | Guard Tower |
| 19:02 | Guard Tower |
| 19:04 | Scout Tower |
| 19:09 | Farm |
| 19:12 | Mithril Forged Swords |
| 19:13 | Dragonhide Armor |
| 19:31 | Scout Tower |
| 19:33 | Guard Tower |
| 19:40 | Scout Tower |
| 19:47 | Gryphon Rider |
| 19:47 | Gryphon Rider |
| 19:48 | Gryphon Rider |
| 19:48 | Gryphon Rider |
| 19:50 | Farm |
| 20:25 | Scout Tower |
| 20:26 | Scout Tower |
| 20:27 | Cannon Tower |
| 21:06 | Cannon Tower |
| 21:30 | Flame Strike |
| Select | 350 |
| Right click | 331 |
| Select group | 156 |
| Build/train/purchase | 78 |
| Use ability | 16 |
| Remove unit | 13 |
| Assign group | 7 |
| Resource trade | 6 |
| Item give/drop | 1 |
| Minimap ping | 1 |


| Healing Salve | 2 | 200 |
| Orb of Lightning | 2 | 750 |
| Boots of Speed | 2 | 500 |
| Staff of Teleportation | 2 | 300 |
| Staff of Sanctuary | 2 | 500 |
| total: | 10 | 2250g |
| Peon | 13 | 975 | / | 0 |
| Troll Batrider | 4 | 640 | / | 160 |
| Goblin Shredder | 2 | 750 | / | 200 |
| total: | 19 | 2365g | / | 360w |
| Watch Tower | 35 | 3850 | / | 2800 |
| Altar of Storms | 1 | 180 | / | 50 |
| Orc Burrow | 3 | 480 | / | 120 |
| War Mill | 1 | 205 | / | 0 |
| Voodoo Lounge | 2 | 260 | / | 60 |
| Great Hall | 2 | 770 | / | 370 |
| Beastiary | 10 | 1450 | / | 1400 |
| Stronghold | 1 | 315 | / | 190 |
| Fortress | 1 | 325 | / | 190 |
| total: | 54 | 7195g | / | 4800w |
| 0:02 | Peon |
| 0:02 | Peon |
| 0:05 | Altar of Storms |
| 0:19 | Orc Burrow |
| 0:26 | Peon |
| 0:38 | War Mill |
| 0:44 | Peon |
| 1:00 | Peon |
| 1:13 | Peon |
| 1:25 | Peon |
| 1:47 | Voodoo Lounge |
| 2:01 | Peon |
| 2:01 | Peon |
| 2:05 | Watch Tower |
| 2:12 | Wind Walk |
| 2:15 | Peon |
| 2:20 | Peon |
| 2:24 | Orc Burrow |
| 2:45 | Watch Tower |
| 3:18 | Watch Tower |
| 3:40 | Peon |
| 3:40 | Peon |
| 3:48 | Watch Tower |
| 3:55 | Voodoo Lounge |
| 4:06 | Boots of Speed |
| 4:07 | Staff of Teleportation |
| 4:38 | Watch Tower |
| 4:41 | Healing Salve |
| 4:47 | Stronghold |
| 4:54 | Watch Tower |
| 5:20 | Orc Burrow |
| 5:36 | Watch Tower |
| 5:49 | Goblin Shredder |
| 6:08 | Critical Strike |
| 6:11 | Watch Tower |
| 6:13 | Watch Tower |
| 6:42 | Watch Tower |
| 7:15 | Watch Tower |
| 7:42 | Watch Tower |
| 7:44 | Watch Tower |
| 7:45 | Watch Tower |
| 8:07 | Hex |
| 8:34 | Beastiary |
| 9:29 | Goblin Shredder |
| 9:57 | Healing Salve |
| 10:14 | Beastiary |
| 10:21 | Watch Tower |
| 10:22 | Watch Tower |
| 10:23 | Watch Tower |
| 10:51 | Great Hall |
| 11:06 | Fortress |
| 11:09 | Beastiary |
| 11:23 | Reinforced Defenses |
| 11:24 | Spiked Barricades |
| 11:36 | Watch Tower |
| 11:37 | Watch Tower |
| 11:39 | Watch Tower |
| 11:46 | Watch Tower |
| 11:53 | Wind Walk |
| 12:21 | Troll Batrider |
| 12:24 | Beastiary |
| 12:27 | Healing Wave |
| 12:28 | Healing Wave |
| 12:47 | Watch Tower |
| 12:48 | Watch Tower |
| 13:01 | Watch Tower |
| 13:29 | Orb of Lightning |
| 13:33 | Liquid Fire |
| 13:58 | Watch Tower |
| 14:21 | Boots of Speed |
| 14:21 | Staff of Teleportation |
| 14:45 | Watch Tower |
| 14:52 | Troll Batrider |
| 14:55 | Beastiary |
| 14:57 | Beastiary |
| 15:15 | Watch Tower |
| 15:27 | Troll Batrider |
| 15:47 | Pillage |
| 15:50 | Watch Tower |
| 16:16 | Troll Batrider |
| 16:18 | Steel Ranged Weapons |
| 16:19 | Steel Armor |
| 16:39 | Watch Tower |
| 17:12 | Orb of Lightning |
| 17:23 | Beastiary |
| 17:24 | Beastiary |
| 17:28 | Watch Tower |
| 18:12 | Critical Strike |
| 18:39 | Watch Tower |
| 18:41 | Watch Tower |
| 18:57 | Great Hall |
| 19:21 | Staff of Sanctuary |
| 19:22 | Staff of Sanctuary |
| 19:29 | Beastiary |
| 19:30 | Beastiary |
| 19:38 | Thorium Ranged Weapons |
| 19:38 | Thorium Armor |
| 20:38 | Watch Tower |
| 20:41 | Watch Tower |
| 21:30 | Watch Tower |
| 21:38 | Healing Wave |
| Right click | 1348 |
| Select | 396 |
| Select group | 306 |
| Build/train/purchase | 73 |
| Misc. action | 56 |
| Use ability | 33 |
| Assign group | 11 |
| Minimap ping | 3 |
| Item give/drop | 2 |
| Remove unit | 1 |
| Esc | 1 |



| Staff of Sanctuary | 3 | 750 |
| Lesser Clarity Potion | 2 | 140 |
| Potion of Mana | 1 | 200 |
| Boots of Speed | 3 | 750 |
| Staff of Teleportation | 3 | 450 |
| Periapt of Vitality | 1 | 325 |
| Circlet of Nobility | 1 | 175 |
| Healing Salve | 2 | 200 |
| Orb of Lightning | 2 | 750 |
| total: | 18 | 3740g |
| Peasant | 18 | 1350 | / | 0 |
| Priest | 1 | 135 | / | 10 |
| Sorceress | 1 | 155 | / | 20 |
| total: | 20 | 1640g | / | 30w |
| Scout Tower | 66 | 1980 | / | 1320 |
| Arcane Tower | 3 | 210 | / | 150 |
| Guard Tower | 27 | 1890 | / | 1350 |
| Altar of Kings | 1 | 180 | / | 50 |
| Farm | 5 | 400 | / | 100 |
| Lumber Mill | 1 | 120 | / | 0 |
| Town Hall | 1 | 385 | / | 205 |
| Arcane Vault | 2 | 260 | / | 60 |
| Arcane Sanctum | 1 | 150 | / | 140 |
| Keep | 1 | 320 | / | 210 |
| Castle | 1 | 360 | / | 210 |
| total: | 77 | 3475g | / | 1875w |
| 0:01 | Peasant |
| 0:02 | Peasant |
| 0:06 | Altar of Kings |
| 0:13 | Peasant |
| 0:19 | Farm |
| 0:25 | Peasant |
| 0:30 | Peasant |
| 0:43 | Peasant |
| 0:47 | Farm |
| 1:03 | Lumber Mill |
| 1:20 | Peasant |
| 1:26 | Peasant |
| 1:36 | Scout Tower |
| 1:38 | Scout Tower |
| 1:40 | Scout Tower |
| 1:42 | Scout Tower |
| 1:52 | Peasant |
| 1:52 | Peasant |
| 1:57 | Scout Tower |
| 1:58 | Scout Tower |
| 2:01 | Peasant |
| 2:02 | Arcane Tower |
| 2:05 | Blizzard |
| 2:15 | Guard Tower |
| 2:20 | Peasant |
| 2:20 | Peasant |
| 2:21 | Peasant |
| 2:34 | Guard Tower |
| 2:35 | Guard Tower |
| 2:59 | Scout Tower |
| 3:01 | Scout Tower |
| 3:01 | Scout Tower |
| 3:13 | Scout Tower |
| 3:14 | Scout Tower |
| 3:26 | Guard Tower |
| 3:29 | Scout Tower |
| 3:29 | Guard Tower |
| 3:31 | Scout Tower |
| 3:31 | Scout Tower |
| 3:44 | Keep |
| 4:02 | Guard Tower |
| 4:03 | Guard Tower |
| 4:06 | Scout Tower |
| 4:07 | Scout Tower |
| 4:44 | Healing Salve |
| 4:48 | Guard Tower |
| 5:10 | Guard Tower |
| 5:11 | Scout Tower |
| 5:12 | Scout Tower |
| 5:17 | Town Hall |
| 5:32 | Arcane Tower |
| 5:32 | Arcane Tower |
| 5:33 | Farm |
| 5:34 | Farm |
| 5:35 | Farm |
| 5:44 | Improved Masonry |
| 5:56 | Healing Salve |
| 6:14 | Guard Tower |
| 6:15 | Guard Tower |
| 6:17 | Scout Tower |
| 6:19 | Scout Tower |
| 6:39 | Brilliance Aura |
| 7:40 | Castle |
| 7:45 | Guard Tower |
| 7:58 | Improved Lumber Harvesting |
| 8:11 | Scout Tower |
| 8:18 | Advanced Masonry |
| 8:24 | Storm Bolt |
| 8:26 | Arcane Vault |
| 8:30 | Scout Tower |
| 8:31 | Scout Tower |
| 8:46 | Peasant |
| 8:47 | Peasant |
| 8:51 | Guard Tower |
| 9:22 | Boots of Speed |
| 9:22 | Staff of Teleportation |
| 9:44 | Scout Tower |
| 9:45 | Scout Tower |
| 9:46 | Scout Tower |
| 9:46 | Scout Tower |
| 9:50 | Periapt of Vitality |
| 9:57 | Boots of Speed |
| 10:08 | Peasant |
| 10:28 | Bash |
| 10:36 | Arcane Vault |
| 10:38 | Guard Tower |
| 10:40 | Scout Tower |
| 10:41 | Scout Tower |
| 10:41 | Scout Tower |
| 10:42 | Scout Tower |
| 10:42 | Scout Tower |
| 10:43 | Scout Tower |
| 10:44 | Scout Tower |
| 10:44 | Scout Tower |
| 10:45 | Scout Tower |
| 10:45 | Scout Tower |
| 10:46 | Scout Tower |
| 10:46 | Scout Tower |
| 10:54 | Guard Tower |
| 10:55 | Arcane Sanctum |
| 11:13 | Guard Tower |
| 11:16 | Guard Tower |
| 11:18 | Guard Tower |
| 11:33 | Staff of Sanctuary |
| 11:44 | Staff of Sanctuary |
| 11:46 | Blizzard |
| 11:48 | Guard Tower |
| 11:54 | Scout Tower |
| 11:55 | Scout Tower |
| 11:56 | Scout Tower |
| 11:57 | Guard Tower |
| 12:08 | Magic Sentry |
| 12:08 | Priest |
| 12:14 | Holy Light |
| 12:29 | Guard Tower |
| 12:40 | Scout Tower |
| 12:41 | Scout Tower |
| 12:41 | Scout Tower |
| 12:51 | Peasant |
| 12:56 | Staff of Teleportation |
| 13:12 | Boots of Speed |
| 13:12 | Circlet of Nobility |
| 14:20 | Guard Tower |
| 14:22 | Scout Tower |
| 14:23 | Scout Tower |
| 14:23 | Guard Tower |
| 14:24 | Scout Tower |
| 14:25 | Scout Tower |
| 14:25 | Scout Tower |
| 14:26 | Scout Tower |
| 14:27 | Scout Tower |
| 14:28 | Scout Tower |
| 14:28 | Scout Tower |
| 14:31 | Scout Tower |
| 14:32 | Scout Tower |
| 14:32 | Scout Tower |
| 14:33 | Scout Tower |
| 14:33 | Scout Tower |
| 14:34 | Scout Tower |
| 14:34 | Scout Tower |
| 14:34 | Scout Tower |
| 14:35 | Scout Tower |
| 14:35 | Scout Tower |
| 14:41 | Orb of Lightning |
| 15:04 | Divine Shield |
| 15:15 | Guard Tower |
| 15:39 | Guard Tower |
| 15:40 | Sorceress |
| 15:41 | Sorceress Adept Training |
| 16:20 | Guard Tower |
| 16:21 | Scout Tower |
| 16:22 | Scout Tower |
| 16:26 | Staff of Teleportation |
| 16:28 | Orb of Lightning |
| 16:50 | Staff of Sanctuary |
| 18:03 | Storm Bolt |
| 19:12 | Guard Tower |
| 19:41 | Brilliance Aura |
| 20:03 | Lesser Clarity Potion |
| 20:05 | Potion of Mana |
| 20:17 | Lesser Clarity Potion |
| 20:56 | Holy Light |
| Right click | 2175 |
| Select | 525 |
| Select group | 356 |
| Build/train/purchase | 332 |
| Use ability | 60 |
| Chat | 33 |
| Assign group | 11 |
| Minimap ping | 10 |
| Misc. action | 7 |
| Item give/drop | 6 |
| Resource trade | 6 |
/ 3k
76 buildings @ 12.4k
/ 4.9k


| Peon | 19 | 1425 | / | 0 |
| Troll Headhunter | 10 | 1400 | / | 200 |
| Grunt | 1 | 200 | / | 0 |
| Troll Witch Doctor | 7 | 1015 | / | 175 |
| Demolisher | 5 | 1100 | / | 250 |
| Shaman | 5 | 650 | / | 100 |
| Raider | 4 | 720 | / | 160 |
| Goblin Shredder | 2 | 750 | / | 200 |
| total: | 53 | 7260g | / | 1085w |
| Altar of Storms | 1 | 180 | / | 50 |
| Orc Burrow | 9 | 1440 | / | 360 |
| War Mill | 2 | 410 | / | 0 |
| Barracks | 1 | 180 | / | 50 |
| Great Hall | 1 | 385 | / | 185 |
| Spirit Lodge | 2 | 300 | / | 300 |
| Beastiary | 2 | 290 | / | 280 |
| Stronghold | 1 | 315 | / | 190 |
| Fortress | 1 | 325 | / | 190 |
| total: | 18 | 3185g | / | 1225w |
| 0:04 | Peon |
| 0:04 | Peon |
| 0:14 | Altar of Storms |
| 0:19 | Orc Burrow |
| 0:29 | Peon |
| 0:49 | War Mill |
| 0:52 | Peon |
| 1:07 | Peon |
| 1:16 | Barracks |
| 1:29 | Peon |
| 1:39 | Orc Burrow |
| 1:47 | Peon |
| 2:06 | Peon |
| 2:22 | Troll Headhunter |
| 2:26 | Troll Headhunter |
| 2:30 | Healing Wave |
| 2:43 | Orc Burrow |
| 3:02 | Troll Headhunter |
| 3:19 | Grunt |
| 3:21 | Troll Headhunter |
| 3:36 | Stronghold |
| 3:51 | Troll Headhunter |
| 4:18 | Troll Headhunter |
| 4:21 | Steel Ranged Weapons |
| 4:41 | Troll Headhunter |
| 4:45 | Orc Burrow |
| 5:13 | Hex |
| 5:35 | Great Hall |
| 5:39 | Troll Headhunter |
| 5:58 | Spirit Lodge |
| 6:20 | Goblin Shredder |
| 6:54 | Spirit Lodge |
| 7:06 | Troll Regeneration |
| 7:32 | Orc Burrow |
| 7:36 | Orc Burrow |
| 8:39 | Shaman Adept Training |
| 8:39 | Witch Doctor Adept Training |
| 8:52 | Peon |
| 8:53 | Peon |
| 9:09 | Fortress |
| 9:27 | Troll Headhunter |
| 9:30 | Troll Headhunter |
| 9:33 | Troll Witch Doctor |
| 9:34 | Troll Witch Doctor |
| 9:53 | Goblin Shredder |
| 10:17 | Demolisher |
| 10:33 | War Mill |
| 10:42 | Troll Witch Doctor |
| 11:02 | Demolisher |
| 11:06 | Troll Witch Doctor |
| 11:06 | Shaman |
| 11:13 | Steel Armor |
| 11:29 | Berserker Upgrade |
| 12:20 | Shaman Master Training |
| 12:23 | Witch Doctor Master Training |
| 12:29 | Chain Lighting |
| 12:42 | Burning Oil |
| 12:45 | Shaman |
| 12:48 | Troll Witch Doctor |
| 13:21 | Thorium Ranged Weapons |
| 13:26 | Demolisher |
| 13:35 | Troll Witch Doctor |
| 13:57 | Peon |
| 13:57 | Peon |
| 13:57 | Peon |
| 13:58 | Pillage |
| 14:19 | Orc Burrow |
| 14:23 | Orc Burrow |
| 14:45 | Shaman |
| 14:45 | Troll Witch Doctor |
| 15:35 | Orc Burrow |
| 16:42 | Demolisher |
| 16:42 | Demolisher |
| 16:45 | Arcanite Ranged Weapons |
| 17:36 | Beastiary |
| 18:29 | Peon |
| 18:30 | Peon |
| 18:55 | Shaman |
| 18:55 | Shaman |
| 19:07 | Raider |
| 19:07 | Raider |
| 19:09 | Raider |
| 19:09 | Raider |
| 19:20 | Beastiary |
| 19:28 | Peon |
| 19:28 | Peon |
| 19:28 | Peon |
| 19:55 | Peon |
| Select | 288 |
| Select group | 262 |
| Misc. action | 249 |
| Right click | 215 |
| Build/train/purchase | 86 |
| Assign group | 26 |
| Use ability | 23 |
| Minimap ping | 9 |
| Resource trade | 6 |
| Esc | 4 |
| Remove unit | 1 |

| Peon | 8 | 600 | / | 0 |
| Grunt | 13 | 2600 | / | 0 |
| Shaman | 2 | 260 | / | 40 |
| Raider | 10 | 1800 | / | 400 |
| total: | 33 | 5260g | / | 440w |
| Barracks | 2 | 360 | / | 100 |
| Altar of Storms | 1 | 180 | / | 50 |
| Orc Burrow | 8 | 1280 | / | 320 |
| War Mill | 1 | 205 | / | 0 |
| Spirit Lodge | 2 | 300 | / | 300 |
| Beastiary | 2 | 290 | / | 280 |
| Stronghold | 1 | 315 | / | 190 |
| Fortress | 1 | 325 | / | 190 |
| total: | 16 | 2615g | / | 1050w |
| 0:08 | Barracks |
| 0:15 | Altar of Storms |
| 0:22 | Peon |
| 0:22 | Peon |
| 0:44 | Peon |
| 1:11 | Peon |
| 1:11 | Peon |
| 1:17 | Orc Burrow |
| 1:21 | Orc Burrow |
| 2:01 | Orc Burrow |
| 2:16 | Grunt |
| 2:16 | Grunt |
| 2:44 | War Mill |
| 3:03 | Pillage |
| 3:06 | Grunt |
| 3:12 | Serpent Ward |
| 3:36 | Barracks |
| 3:50 | Grunt |
| 4:13 | Steel Melee Weapons |
| 4:20 | Peon |
| 4:22 | Grunt |
| 4:28 | Orc Burrow |
| 4:50 | Grunt |
| 5:39 | Stronghold |
| 5:42 | Grunt |
| 6:56 | Healing Wave |
| 8:11 | Berserker Strength |
| 8:13 | Fortress |
| 8:19 | Spirit Lodge |
| 8:20 | Spirit Lodge |
| 9:13 | Grunt |
| 9:15 | Thorium Melee Weapons |
| 9:15 | Steel Armor |
| 9:25 | Grunt |
| 9:45 | Shaman Adept Training |
| 9:55 | Orc Burrow |
| 9:57 | Orc Burrow |
| 10:46 | Shaman Master Training |
| 11:07 | Shaman |
| 11:08 | Shaman |
| 11:49 | Grunt |
| 11:49 | Grunt |
| 12:10 | Orc Burrow |
| 12:11 | Orc Burrow |
| 12:42 | Grunt |
| 13:21 | Peon |
| 13:21 | Peon |
| 13:24 | Grunt |
| 15:03 | Arcanite Melee Weapons |
| 15:31 | Beastiary |
| 15:32 | Beastiary |
| 17:03 | Raider |
| 17:03 | Raider |
| 17:03 | Raider |
| 17:04 | Raider |
| 18:36 | Raider |
| 18:36 | Raider |
| 18:43 | Serpent Ward |
| 19:06 | Raider |
| 19:58 | Raider |
| 20:00 | Raider |
| 20:02 | Raider |
| Right click | 232 |
| Select | 227 |
| Build/train/purchase | 49 |
| Use ability | 17 |
| Misc. action | 16 |
| Select group | 13 |
| Assign group | 8 |

| Wisp | 26 | 1560 | / | 0 |
| Archer | 3 | 390 | / | 30 |
| Huntress | 5 | 975 | / | 100 |
| Glaive Thrower | 7 | 1470 | / | 455 |
| total: | 41 | 4395g | / | 585w |
| Altar of Elders | 1 | 180 | / | 50 |
| Ancient of War | 2 | 300 | / | 120 |
| Moon Well | 11 | 1980 | / | 440 |
| Hunter's Hall | 1 | 210 | / | 100 |
| Tree of Life | 1 | 340 | / | 185 |
| Tree of Ages | 1 | 320 | / | 180 |
| Tree of Eternity | 1 | 330 | / | 200 |
| total: | 16 | 3010g | / | 895w |
| 0:13 | Altar of Elders |
| 0:14 | Wisp |
| 0:14 | Wisp |
| 0:14 | Wisp |
| 0:14 | Wisp |
| 0:15 | Wisp |
| 0:15 | Wisp |
| 0:38 | Ancient of War |
| 1:05 | Moon Well |
| 1:56 | Wisp |
| 1:57 | Wisp |
| 2:00 | Moon Well |
| 2:14 | Ancient of War |
| 2:20 | Wisp |
| 2:20 | Wisp |
| 2:20 | Wisp |
| 2:21 | Wisp |
| 2:32 | Archer |
| 2:33 | Archer |
| 3:13 | Trueshot Aura |
| 3:28 | Moon Well |
| 3:40 | Wisp |
| 3:40 | Wisp |
| 3:40 | Wisp |
| 3:51 | Archer |
| 3:55 | Hunter's Hall |
| 4:29 | Moon Well |
| 5:33 | Tree of Ages |
| 5:36 | Huntress |
| 5:40 | Strength of the Wild |
| 5:41 | Reinforced Hides |
| 6:23 | Moon Well |
| 6:59 | Searing Arrows |
| 7:32 | Glaive Thrower |
| 7:32 | Glaive Thrower |
| 8:16 | Moon Well |
| 8:19 | Strength of the Moon |
| 8:20 | Moon Armor |
| 8:32 | Vorpal Blades |
| 8:59 | Moon Glaive |
| 9:07 | Glaive Thrower |
| 9:14 | Moon Well |
| 10:48 | Wisp |
| 10:49 | Wisp |
| 10:49 | Wisp |
| 10:49 | Wisp |
| 10:49 | Wisp |
| 10:50 | Wisp |
| 11:43 | Huntress |
| 11:44 | Huntress |
| 12:25 | Huntress |
| 12:30 | Moon Well |
| 14:05 | Huntress |
| 14:08 | Improved Strength of the Moon |
| 14:08 | Improved Moon Armor |
| 14:44 | Trueshot Aura |
| 14:47 | Moon Well |
| 14:53 | Moon Well |
| 15:22 | Tree of Life |
| 16:46 | Glaive Thrower |
| 17:16 | Moon Well |
| 17:41 | Wisp |
| 17:41 | Wisp |
| 17:42 | Wisp |
| 17:42 | Wisp |
| 17:43 | Wisp |
| 18:23 | Searing Arrows |
| 19:09 | Glaive Thrower |
| 19:10 | Glaive Thrower |
| 19:10 | Glaive Thrower |
| 20:06 | Tree of Eternity |
| Right click | 393 |
| Select | 205 |
| Build/train/purchase | 60 |
| Misc. action | 25 |
| Use ability | 3 |
| Remove unit | 1 |

| Peon | 10 | 750 | / | 0 |
| Grunt | 4 | 800 | / | 0 |
| Troll Headhunter | 2 | 280 | / | 40 |
| Wind Rider | 15 | 3975 | / | 600 |
| Kodo Beast | 1 | 255 | / | 60 |
| Raider | 6 | 1080 | / | 240 |
| total: | 38 | 7140g | / | 940w |
| Watch Tower | 13 | 1430 | / | 1040 |
| Altar of Storms | 1 | 180 | / | 50 |
| Orc Burrow | 7 | 1120 | / | 280 |
| War Mill | 1 | 205 | / | 0 |
| Barracks | 2 | 360 | / | 100 |
| Beastiary | 2 | 290 | / | 280 |
| Stronghold | 1 | 315 | / | 190 |
| Fortress | 1 | 325 | / | 190 |
| total: | 26 | 3585g | / | 1750w |
| 0:23 | Altar of Storms |
| 0:27 | Peon |
| 0:27 | Peon |
| 0:27 | Peon |
| 0:27 | Peon |
| 0:28 | Peon |
| 1:01 | Orc Burrow |
| 1:18 | Orc Burrow |
| 1:35 | War Mill |
| 2:42 | Barracks |
| 3:02 | Mirror Image |
| 3:20 | Barracks |
| 3:40 | Peon |
| 3:41 | Peon |
| 3:41 | Peon |
| 3:41 | Peon |
| 3:42 | Peon |
| 4:14 | Orc Burrow |
| 4:15 | Orc Burrow |
| 4:26 | Grunt |
| 4:26 | Grunt |
| 4:27 | Grunt |
| 4:30 | Grunt |
| 5:15 | Watch Tower |
| 5:17 | Watch Tower |
| 5:20 | Watch Tower |
| 5:22 | Watch Tower |
| 5:34 | Spiked Barricades |
| 5:47 | Stronghold |
| 6:24 | Troll Headhunter |
| 6:24 | Troll Headhunter |
| 8:11 | Beastiary |
| 8:20 | Beastiary |
| 8:46 | Orc Burrow |
| 8:49 | Orc Burrow |
| 9:04 | Watch Tower |
| 9:17 | Watch Tower |
| 9:30 | Watch Tower |
| 9:50 | Wind Rider |
| 9:51 | Wind Rider |
| 9:52 | Wind Rider |
| 11:15 | Fortress |
| 11:24 | Wind Rider |
| 11:32 | Reinforced Defenses |
| 12:02 | Watch Tower |
| 12:05 | Watch Tower |
| 12:07 | Watch Tower |
| 12:28 | Wind Rider |
| 12:37 | Wind Rider |
| 13:06 | Orc Burrow |
| 13:20 | Wind Rider |
| 13:48 | Wind Rider |
| 13:48 | Wind Rider |
| 13:51 | Kodo Beast |
| 13:56 | Wind Rider |
| 14:01 | Envenomed Spears |
| 14:30 | Watch Tower |
| 14:36 | Watch Tower |
| 14:37 | Watch Tower |
| 15:12 | Wind Rider |
| 15:45 | Wind Rider |
| 15:54 | Wind Rider |
| 16:39 | Wind Rider |
| 16:47 | Wind Rider |
| 17:22 | Raider |
| 17:24 | Raider |
| 17:34 | Raider |
| 18:19 | Raider |
| 18:29 | Raider |
| 19:20 | Raider |
| 19:31 | Pillage |
| Right click | 219 |
| Select | 152 |
| Build/train/purchase | 51 |
| Remove unit | 4 |
| Assign group | 2 |
| Use ability | 2 |